 Dungeon Crawl Stone Soup version 0.31.0-11-ge490571c62 (webtiles) character file.

Game seed: 11330439877974888414

9 browni3141 the Firebug (level 2, 0/19 HPs)
             Began as a Demonspawn Fire Elementalist on Jan 30, 2024.
             Constricted to death by a ball python (1 damage)
             ... on level 1 of the Dungeon.
             The game lasted 00:00:26 (261 turns).

browni3141 the Firebug (DsFE)                        Turns: 261, Time: 00:00:27

Health: 0/19       AC:  2    Str:  8    XL:     2   Next: 3%
Magic:  3/5        EV:  9    Int: 15    God:
Gold:   0          SH:  0    Dex: 13    Spells: 4/5 levels left

rFire   . . .        (no weapon)
rCold   . . .        (no shield)
rNeg    . . .        a - +0 robe
rPois   .            (no helmet)
rElec   .            (no cloak)
rCorr   .            (no gloves)
SInv    .            (no boots)
Will    .....        (no amulet)
Stlth   ++           (no ring)
HPRegen 0.23/turn    (no ring)
MPRegen 0.09/turn

%: no passive effects
@: constricted
A: powered by pain 1
a: no special abilities


You were on level 1 of the Dungeon.
You visited 1 branch of the dungeon, and saw 1 of its levels.

Inventory:

Armour
 a - a +0 robe (worn)
Potions
 b - a potion of magic


   Skills:
 + Level 1.9 Dodging
 + Level 2.0 Stealth
 + Level 2.1 Spellcasting
 + Level 1.2 Conjurations
 + Level 2.8 Fire Magic


You had 4 spell levels left.
You knew the following spells:

 Your Spells              Type           Power      Damage    Failure   Level
a - Foxfire               Conj/Fire      28%        2x1d5     10%         1

Your spell library contained the following spells:

 Spells                   Type           Power      Damage    Failure   Level
 Scorch                   Fire           20%        2d5       11%         2
 Inner Flame              Hex/Fire       5%         N/A       36%         3
 Volatile Blastmotes      Fire/Tloc      10%        2d10      36%         3
 Flame Wave               Conj/Fire      7%         2d5       67%         4


Dungeon Overview and Level Annotations

Branches:
Dungeon (1/15)

Altars:


Innate Abilities, Weirdness & Mutations

You sometimes gain a little power by taking damage.


Message History

A kobold is nearby!
You conjure some foxfire!
The foxfire hits the kobold.
You kill the kobold!
A rat comes into view.
A rat is nearby!
A rat is nearby!
You miscast Foxfire.
You are very lightly contaminated with residual magic.
Nothing appears to happen.
A goblin comes into view. It is wielding a +0 club.
The rat squeaks loudly.
The goblin shouts!
You hear a bark!
You conjure some foxfire!
The foxfire hits the rat.
You kill the rat!
The foxfire hits the goblin.
The goblin is moderately wounded.
A jackal comes into view.
Your magical contamination has completely faded away.
You conjure some foxfire!
The jackal barks!
A jackal comes into view.
You are out of magic!
The jackal barks!
You hear an angry hiss.
The foxfire hits the goblin.
You kill the goblin!
A ball python comes into view.
The foxfire hits the jackal.
The jackal is moderately wounded.
A jackal comes into view.
The jackal bites you but does no damage.
The jackal attacks as it pursues you! The jackal misses you.
You conjure some foxfire!
The jackal misses you. x2
The foxfire hits the jackal.
The jackal is severely wounded.
The foxfire hits the jackal.
The jackal is almost dead.
A dart slug comes into view.
The jackal barely misses you. The jackal attacks as it pursues you!
The jackal barely misses you. The jackal bites you.
The jackal closely misses you. The jackal bites you. The jackal misses you.
You barely miss the jackal.
The jackal is almost dead.
The jackal bites you.
You hit the jackal but do no damage.
The jackal is almost dead.
The jackal closely misses you.
You closely miss the jackal.
The jackal is almost dead.
The jackal closely misses you.
The jackal bites you but does no damage.
You hit the jackal but do no damage.
The jackal is almost dead.
The jackal bites you but does no damage.
The jackal barks!
You hit the jackal but do no damage.
The jackal is almost dead.
You hear a loud squeak.
The jackal closely misses you. The jackal bites you.
You hit the jackal.
You kill the jackal!
Your Stealth skill increases to level 2!
You have reached level 2!
Your demonic ancestry asserts itself...
You feel energised by your suffering. The ball python closely misses you.
The ball python grabs you. The ball python constricts you.
The ball python closely misses you. The ball python constricts you.
The ball python bites you. The ball python constricts you.
The ball python barely misses you. The ball python constricts you.
The ball python closely misses you. The ball python constricts you.
A rat comes into view.
The ball python bites you. The ball python constricts you.
The rat squeaks loudly.
The ball python closely misses you. The ball python constricts you.
The ball python completely misses you. The ball python constricts you.
The ball python bites you. The ball python constricts you.
The ball python barely misses you. The ball python constricts you.
The ball python bites you. The ball python constricts you.
The ball python completely misses you. The ball python constricts you.
The ball python barely misses you. The ball python constricts you.
The ball python barely misses you. The ball python constricts you.
The ball python misses you. The ball python constricts you.
The ball python bites you. The ball python constricts you.
The ball python bites you. The ball python constricts you.
The ball python bites you. The ball python constricts you.
The ball python closely misses you. The ball python constricts you.
The ball python barely misses you. The ball python constricts you.
The ball python barely misses you. The ball python constricts you.
The ball python bites you but does no damage.
The ball python constricts you. The ball python bites you.
The ball python constricts you. The ball python closely misses you.
The ball python constricts you. The ball python closely misses you.
The ball python constricts you.
The ball python bites you but does no damage.
The ball python constricts you. The ball python closely misses you.
The ball python constricts you.
You die...

#..................#
#...................
#.......†......>....
.............>...... .#..
#####...##########...#..#
#.#.# ..#..#. ...#.####
...#.w #...##....#######
...... #...
#..#....@Sh##...... ####
##..######hr.......
##.#######........
###..#........#...##....
#......####.##..#.......
#...##....###.#..#........
....##
####.##..h.##........ ###
#........#.......?
#.....##.#........


You could see 2 jackals, a ball python and a rat.

Vanquished Creatures
  An endoplasm (D:1)
  A giant cockroach (D:1)
  A goblin (D:1)
  A jackal (D:1)
  2 ball pythons (D:1)
  A kobold (D:1)
  2 rats (D:1)
9 creatures vanquished.

Vanquished Creatures (others)
  22 foxfires (D:1)
22 creatures vanquished.

Grand Total: 31 creatures vanquished

Notes
Turn   | Place    | Note
-------+----------+-------------------------------------------
     0 | D:1      | browni3141 the Demonspawn Fire Elementalist began the quest
                  | for the Orb.
     0 | D:1      | Reached XP level 1. HP: 13/13 MP: 3/3
   240 | D:1      | Gained mutation: You sometimes gain a little power by
                  | taking damage. [demonic ancestry]
   240 | D:1      | Reached XP level 2. HP: 15/19 MP: 1/5
   261 | D:1      | Constricted to death by a ball python

Illustrated notes

Levels and vault maps discovered:
D:1:      sevenhm_arrival_forest_fort_large_2, layout_rooms,
          grunt_decor_resistance, st_stairs_8, minmay_misc_feat_pillars,
          minmay_misc_feat_diagonals

Skill      XL: |  1 |
---------------+----+-----
Stealth        | 2 |  2.0
Dodging        | |  1.9
Spellcasting   | |  2.1
Conjurations   | |  1.2
Fire Magic     | |  2.8

Action                     || total
---------------------------++-------
  Melee: Unarmed           ||     7
   Cast: Foxfire           ||    11
 Armour: Robe              ||    17
  Dodge: Dodged            ||    27
